 Dungeon Crawl Stone Soup version 0.29.1-2-gbd0b4ee654 (webtiles) character file.

Game seed: 4190542022878304096

970 LustLizard the Insei (level 8, -1/54 HPs)
             Began as an Octopode Transmuter on Nov 30, 2022.
             Was an Initiate of Gozag.
             Slain by a wight
             ... wielding a +0 great sword
              (14 damage)
             ... on level 6 of the Dungeon.
             The game lasted 00:12:40 (6855 turns).

LustLizard the Insei (Octopode Transmuter)          Turns: 6855, Time: 00:12:41

Health: -1/54      AC: -11   Str:  9    XL:     8   Next: 16%
Magic:  11/11      EV: 17    Int: 18    God:    Gozag
Gold:   346        SH:  0    Dex: 12    Spells: 4/11 levels left

rFire   . . .      SeeInvis .     - Unarmed
rCold   . . .      Faith    .   (no shield)
rNeg    . . .      Spirit   .   (helmet currently unavailable)
rPois   .          Reflect  .   k - amulet of magic regeneration
rElec   .          Harm     .   p - +4 ring of evasion
rCorr   .          Rampage  .   (no ring)
Will    .....                   (no ring)
Stlth   ++........              (no ring)
HPRegen 0.18/turn               (no ring)
MPRegen 0.52/turn               (no ring)
                                (no ring)
                                (no ring)

@: about to teleport, appendages (expiring), wereblooded, corroded, gold aura
A: tentacle spike 3, almost no armour, amphibious, 8 rings, camouflage 1,
gelatinous body 1, (nimble swimmer 1), tentacles
a: End Transformation, Renounce Religion, Potion Petition, Call Merchant, Bribe
Branch


You were on level 6 of the Dungeon.
You worshipped Gozag.
Gozag was aware of your devotion.
One of your tentacles had grown a beastly spike.
You visited 1 branch of the dungeon, and saw 6 of its levels.

You collected 417 gold pieces.
You paid 71 gold pieces to Gozag.

Inventory:

Jewellery
 k - an amulet of magic regeneration (around mantle)
 p - a +4 ring of evasion (left tentacle)
Scrolls
 c - 3 scrolls of identify
 e - a scroll of poison {unknown}
 f - 2 scrolls of butterflies {unknown}
 g - 2 scrolls of brand weapon {unknown}
 h - a scroll of teleportation
 j - 2 scrolls of enchant weapon {unknown}
 m - a scroll of silence {unknown}
 o - 2 scrolls of noise {unknown}
 r - 2 scrolls of blinking {unknown}
 s - a scroll of summoning {unknown}
 t - a scroll of magic mapping {unknown}
Potions
 a - 2 potions of lignification
 b - a potion of curing
 d - 3 potions of haste
 i - a potion of invisibility
 l - a potion of flight
 n - 2 potions of attraction
 q - 2 potions of ambrosia
 u - a potion of might


   Skills:
 - Level 3.9 Fighting
 - Level 2.0 Dodging
 + Level 5.5 Unarmed Combat
 - Level 2.0 Spellcasting
 + Level 5.0 Transmutations
 * Level 4.6 Ice Magic


You had 4 spell levels left.
You knew the following spells:

 Your Spells              Type           Power      Damage    Failure   Level
a - Beastly Appendage     Tmut           38%        N/A       2%          1
b - Wereblood             Tmut           19%        N/A       3%          2
c - Ice Form              Ice/Tmut       19%        N/A       26%         4

Your spell library contained the following spells:

 Spells                   Type           Power      Damage    Failure   Level
 Ensorcelled Hibernation  Hex/Ice        20%        N/A       11%         2
 Apportation              Tloc           2%         N/A       19%         1
 Magic Dart               Conj           4%         1d3       19%         1
 Necrotise                Necr           4%         1d4       19%         1
 Slow                     Hex            4%         N/A       19%         1
 Summon Small Mammal      Summ           4%         N/A       19%         1
 Spider Form              Tmut/Pois      10%        N/A       19%         3
 Call Imp                 Summ           1%         N/A       26%         2
 Sublimation of Blood     Necr           1%         N/A       26%         2
 Confusing Touch          Hex            1%         N/A       47%         3
 Mephitic Cloud           Conj/Pois/Air  1%         N/A       47%         3
 Vampiric Draining        Necr           1%         2d6       47%         3
 Petrify                  Tmut/Erth      10%        N/A       54%         4
 Anguish                  Hex/Necr       0%         N/A       87%         4
 Irradiate                Conj/Tmut      5%         3d13      87%         5
 Agony                    Necr           1%         N/A       99%         5


Dungeon Overview and Level Annotations

Branches:
Dungeon (6/15)
 Temple: D:4-7

Altars:
Ashenzari
Gozag
Uskayaw
Xom

Shops:
D:5 *

Annotations:
D:5 exclusion: jelly


Innate Abilities, Weirdness & Mutations

One of your tentacles has grown a beastly spike.
You cannot wear most types of armour.
You are amphibious.
You can wear up to eight rings at the same time.
Your skin changes colour to match your surroundings (Stealth+).
Your rubbery body absorbs attacks. (AC +1, EV +1)
((You are camouflaged when in or above water. (Stealth+)))
You have tentacles for arms and can constrict up to eight enemies at once.


Message History

The jelly quivers.
The jelly jiggles.
The wight hits you with a +0 mace.
You tentacle-slap the wight but do no damage.
You grab the wight. Your squeeze misses the wight.
You constrict the wight, but do no damage.
The wight misses you.
You tentacle-slap the wight but do no damage.
You squeeze the wight, but do no damage.
You constrict the wight. The wight barely misses you.
Casting: Beastly Appendage (safe; 2% risk of failure)
Confirm with . or Enter, or press ? or * to list all spells.
Your blood is infused with primal strength.
You constrict the wight. The wight hits you with a +0 mace.
You tentacle-slap the wight.
Your tentacle spike misses the wight.
You squeeze the wight.
The wight is heavily damaged.
You constrict the wight, but do no damage.
You tentacle-slap the wight.
You pierce the wight, but do no damage.
The wight is severely damaged.
Your transformation is almost over.
You constrict the wight. The wight barely misses you. The jelly hits you.
The acid corrodes you!
You are splashed with acid!
You tentacle-slap the jelly but do no damage.
Your tentacles burn!
You pierce the jelly, but do no damage.
You constrict the wight. The jelly hits you. The acid corrodes you!
You are splashed with acid!
The wight hits you with a +0 mace.
* * * LOW HITPOINT WARNING * * *
You tentacle-slap the jelly but do no damage.
The acid corrodes you!
Your tentacles burn!
* * * LOW HITPOINT WARNING * * *
You squeeze the jelly, but do no damage.
You constrict the wight.
You feel a bit better.
You destroy the wight!
The jelly misses you.
Your Transmutations skill increases to level 5!
As you read the scroll of teleportation, it crumbles to dust.
You feel strangely unstable.
The wight hits you with a +0 great sword!
You die...
Your body crumbles into a pile of gold.

..# ##..###......# # #.#
#...# ######.### # ##.##
#...# # #.# #####'### #
#.# #.......# # #.#
#.......# # +#.#+
#.......# #
..#####...#####........#
........⌠....z@.........
#.#####...#####J.......#.
##...'#.#'.z.##.......#..
#.8...#.#z.z8.#........ .
#.._..#.#.._.z# ..$..
#.8.8.#.#.8.8.# .....
##...##.##...## ...#
#####...##### ...# ##...#


You could see a jelly and a wight.

Vanquished Creatures
  Sigmund (D:2)
  A centaur (D:5)
  A bullfrog (D:6)
  2 scorpions (D:5)
  A wight (D:6)
  A howler monkey (D:6)
  A hound (D:5)
  Jessica (D:2)
  An iguana (D:5)
  4 orc wizards (D:6)
  4 gnolls (D:4)
  15 adders
  2 shadow imps
  5 worms
  2 dart slugs (D:4)
  7 orcs
  6 bats
  4 endoplasms
  3 giant cockroaches
  7 goblins
  8 hobgoblins
  4 kobolds
  3 quokkas
  7 ball pythons
  4 frilled lizards
  5 rats
100 creatures vanquished.

Notes
Turn   | Place    | Note
-------+----------+-------------------------------------------
     0 | D:1      | LustLizard the Octopode Transmuter began the quest for the
                  | Orb.
     0 | D:1      | Reached XP level 1. HP: 13/13 MP: 3/3
   246 | D:1      | You fall into a shaft and drop 1 floor!
   248 | D:2      | Noticed Jessica
   255 | D:2      | Reached XP level 2. HP: 15/18 MP: 3/5
   319 | D:1      | Found a faded altar of an unknown god.
   798 | D:1      | Reached XP level 3. HP: 12/23 MP: 4/6
   801 | D:1      | Learned a level 2 spell: Wereblood
  1463 | D:2      | Killed Jessica
  1464 | D:2      | Reached XP level 4. HP: 20/29 MP: 4/7
  1998 | D:2      | Noticed Sigmund
  2396 | D:3      | Reached XP level 5. HP: 28/34 MP: 8/8
  2970 | D:3      | Learned a level 4 spell: Ice Form
  3495 | D:3      | Reached skill level 1 in Ice Magic
  3926 | D:4      | Reached XP level 6. HP: 38/41 MP: 9/9
  4309 | D:4      | Identified the +6 dagger of the Penguin {venom, Int+6}
  5006 | D:5      | Entered Level 5 of the Dungeon
  5006 | D:5      | Noticed a +0 spear
  5006 | D:5      | Noticed a +0 spear
  5007 | D:5      | Noticed a +0 dagger
  5008 | D:5      | Noticed a +0 falchion
  5008 | D:5      | Noticed a +0 short sword
  5008 | D:5      | Noticed a +0 short sword
  5009 | D:5      | Noticed a +0 falchion
  5009 | D:5      | Noticed a +0 dagger
  5012 | D:5      | Found a hide-covered altar of Uskayaw.
  5168 | D:5      | Reached XP level 7. HP: 29/46 MP: 10/10
  5290 | D:5      | Found an opulent altar of Gozag.
  5291 | D:5      | Found Gozag's Platinum Reserve.
  5298 | D:5      | Became a worshipper of Gozag Ym Sagoz the Greedy
  5337 | D:5      | Reached skill level 5 in Unarmed Combat
  5962 | D:2      | Killed Sigmund
  6417 | D:6      | Found the +7 Throatcutter {drain, coup de grace}
  6441 | D:6      | Reached XP level 8. HP: 38/54 MP: 11/11
  6829 | D:6      | Found a shimmering altar of Xom.
  6841 | D:6      | Found a broken altar of Ashenzari.
  6855 | D:6      | Reached skill level 5 in Transmutations
  6855 | D:6      | Slain by a wight

Illustrated notes

Levels and vault maps discovered:
D:1:      minmay_arrival_open_corners, layout_basic,
          shapermc_ecumenical_altar_venn, minmay_pentomino_p4
D:2:      layout_basic, serial_corexii_hall, corexii_hall_statues_l,
          chequers_hall_statues_corner_a, kennysheep_generic_room_9,
          uniq_sigmund, uniq_jessica
D:3:      layout_loops_ring, minmay_snake_closets
D:4:      layout_cave_pools, fountainhead, hangedman_decor_lopped,
          roderic_serpentine_path
D:5:      layout_gridville, nicolae_gozag_zags_fifth_avenue,
          nicolae_uskayaw_en_pointe
D:6:      layout_basic, grunt_temple_overflow_cloverleaf, ebering_ghost_sewer_f

Skill      XL: |  1  2  3  4  5  6  7  8 |
---------------+-------------------------+-----
Transmutations | 3 4 5 |  5.0
Fighting       | 2 3 |  3.9
Unarmed Combat | 4 5 |  5.5
Ice Magic      | 1 2 4 |  4.6
Dodging        | |  2.0
Spellcasting   | |  2.0

Action                   |  1- 3 |  4- 6 |  7- 9 || total
-------------------------+-------+-------+-------++-------
Melee: Unarmed           |    46 |   154 |    63 ||   263
       Constrict         |    11 |    37 |    17 ||    65
       Kick              |     4 |    34 |    20 ||    58
       Tentacles         |    11 |    39 |    18 ||    68
       Punch             |     1 |     4 |     2 ||     7
 Cast: Beastly Appendage |     7 |    22 |    11 ||    40
       Wereblood         |     1 |     3 |     5 ||     9
  Use: Scroll            |     1 |     4 |     4 ||     9
       Potion            |       |     2 |       ||     2
 Stab: Sleeping          |     4 |    12 |     1 ||    17
Armor: Skin              |     4 |     5 |     1 ||    10
Dodge: Dodged            |    25 |    99 |    45 ||   169
